 Dungeon Crawl Stone Soup version 0.18.1-8-gdd0e5ea (webtiles) character file.

7399 Gorice the Destroyer (level 10, -12/86 HPs)
             Began as a Demigod Venom Mage on May 20, 2016.
             Mangled by a komodo dragon (26 damage)
             ... on level 9 of the Dungeon on May 21, 2016.
             The game lasted 01:17:02 (14035 turns).

Gorice the Destroyer (Demigod Venom Mage)          Turns: 14035, Time: 01:17:03

Health: -12/86     AC: 11    Str: 20    XL:     10   Next: 61%
Magic:  24/24      EV: 14    Int: 28    God:
Gold:   457        SH:  8    Dex: 16    Spells: 3 memorised, 17 levels left

rFire  + . .     SeeInvis .     a - +3 falchion "Cecyso" {slice, rElec Str+3 Int+3}
rCold  . . .     Gourm    .     P - +1 scale mail {rF+}
rNeg   . . .     Faith    .     I - +0 buckler
rPois  .         Spirit   .     (no helmet)
rElec  +         Dismiss  .     o - +1 cloak
rCorr  .         Reflect  +     x - +0 pair of gloves
SustAt +         Harm     .     (no boots)
MR     ++...                    p - +3 amulet of reflection
Stlth  +.........               Q - ring "Baputant" {Wiz Str+6}
                                A - ring of Abstinence {MR+ EV+4}

@: very resistant to hostile enchantments, very unstealthy
A: high mp 1, sustain attributes
a: no special abilities


You were on level 9 of the Dungeon.
You were not hungry.

You visited 3 branches of the dungeon, and saw 11 of its levels.
You also visited: Sewer.

You collected 457 gold pieces.

Inventory:

Hand Weapons
 a - the +3 falchion "Cecyso" (weapon) {slice, rElec Str+3 Int+3}
   (You took it off an orc on level 5 of the Dungeon)

   It inflicts extra damage upon your enemies.
   It affects your strength (+3).
   It affects your intelligence (+3).
   It insulates you from electricity.
 B - a +1 blowgun
 G - a +3 halberd of protection
   (You took it off a gnoll on level 5 of the Dungeon)
 L - a +1 spear of freezing
   (You took it off a gnoll on level 5 of the Dungeon)
 N - a +4 vampiric trident
   (You took it off a gnoll sergeant on level 5 of the Dungeon)
Missiles
 d - 7 tomahawks (quivered)
 g - 35 poisoned needles
 i - 4 curare-tipped needles
 y - 11 javelins
 Y - 2 throwing nets
 Z - 179 stones
Armour
 j - a +1 robe
 o - a +1 cloak (worn)
 x - a +0 pair of gloves (worn)
 E - a +0 chain mail of magic resistance
   (You found it on level 5 of the Dungeon)
 I - a +0 buckler (worn)
 K - a +2 leather armour of fire resistance
   (You took it off an orc on level 8 of the Dungeon)
 O - a +0 ring mail
 P - a +1 scale mail of fire resistance (worn)
   (You found it on level 9 of the Dungeon)
 W - a +2 scale mail of magic resistance
   (You found it on level 9 of the Dungeon)
Jewellery
 p - a +3 amulet of reflection (around neck)
 A - the ring of Abstinence (left hand) {MR+ EV+4}
   (You found it on level 5 of the Dungeon)

   [ring of evasion]

   It affects your evasion (+4).
   It affects your resistance to hostile enchantments.
 H - an uncursed ring of ice
 Q - the ring "Baputant" (right hand) {Wiz Str+6}
   (You found it on level 6 of the Dungeon)

   [ring of wizardry]

   It improves your spell success rate.
   It affects your strength (+6).
 T - a +5 ring of dexterity
Wands
 b - a wand of flame (18/48)
 C - a wand of acid (5/15)
 X - a wand of confusion (10/48)
Scrolls
 m - 3 scrolls of remove curse
 n - 3 scrolls of enchant armour
 q - 4 scrolls of immolation {!r}
 u - a scroll of amnesia {unknown}
 v - a scroll of fog {unknown}
 z - a scroll of magic mapping {unknown}
 F - a scroll of noise {unknown}
 J - a scroll of blinking {unknown}
 M - a scroll of enchant weapon
Potions
 e - 2 potions of ambrosia
 f - 2 potions of might {!q}
 h - a potion of curing
 k - a potion of haste {!q}
 r - 2 potions of cure mutation {!q}
 s - a potion of brilliance {!q}
 t - 3 potions of flight
 D - 2 potions of lignification {!q}
Books
 w - a Young Poisoner's Handbook
Miscellaneous
 R - a crystal ball of energy
Comestibles
 c - 9 bread rations {!e}
 l - 8 slices of pizza
 S - a beef jerky
 U - a meat ration {!e}
 V - a chunk of flesh


   Skills:
 + Level 7.0 Fighting
 - Level 5.3 Armour
 - Level 1.7 Dodging
 - Level 1.7 Stealth
 + Level 4.8 Shields
 - Level 7.0 Spellcasting
 - Level 8.0 Conjurations
 - Level 5.2 Poison Magic


You had 17 spell levels left.
You knew the following spells:

 Your Spells              Type           Power        Failure   Level  Hunger
a - Sting                 Conj/Pois      ####         1%          1    None
b - Cure Poison           Pois           #####.....   1%          2    None
c - Mephitic Cloud        Conj/Pois/Air  ####....     4%          3    None


Dungeon Overview and Level Annotations

Branches:
Dungeon (9/15)             Temple (1/1) D:4            Lair (1/8) D:9
    Orc: D:9-12

Shops:
D:6 :   D:8 ?

Annotations:
D:4 Dowan, Duvessa, Grinder
D:8 ThereIsNoGod's ghost, novice OpAs


Innate Abilities, Weirdness & Mutations

You have an increased reservoir of magic (+10% MP).
Your attributes are resistant to harm.


Message History

The komodo dragon is lightly wounded.
Casting: Sting
Confirm with . or Enter, or press ? or * to list all spells.
Aiming: Sting
Press: ? - help, Shift-Dir - straight line, f/p - komodo dragon
Aim: a komodo dragon (lightly wounded, poisoned)
The sting hits the komodo dragon.
The komodo dragon appears unharmed.
The komodo dragon is lightly wounded.
Casting: Sting
Confirm with . or Enter, or press ? or * to list all spells.
Aiming: Sting
Press: ? - help, Shift-Dir - straight line, f/p - komodo dragon
Aim: a komodo dragon (lightly wounded, poisoned)
The sting hits the komodo dragon.
The komodo dragon looks even sicker.
The komodo dragon is moderately wounded.
You barely miss the komodo dragon.
The komodo dragon is moderately wounded.
The komodo dragon closely misses you.
You hit the komodo dragon.
The komodo dragon is heavily wounded.
The komodo dragon bites you!! The komodo dragon bites you!
* * * LOW HITPOINT WARNING * * *
Damage: 35 (max 35)
A komodo dragon comes into view.
The komodo dragon hisses angrily.
Some of the chunks of flesh in your inventory have rotted away.
You block the komodo dragon's attack.
The komodo dragon looks more healthy.
Your magical contamination has completely faded away.
The komodo dragon bites you but does no damage.
You block the komodo dragon's attack.
There is a staircase back to the Dungeon, spattered with blood here.
The komodo dragon bites you!!
* * * LOW HITPOINT WARNING * * *
The komodo dragon bites you!
* * * LOW HITPOINT WARNING * * *
You climb upwards.
Welcome back to the Dungeon!
There is a staircase to the Lair, spattered with blood here.
Damage: 27 (max 35) Unknown command.
Unknown command.
The komodo dragon bites you!
* * * LOW HITPOINT WARNING * * *
Damage: 12 (max 35) Unknown command.
Drink which item? (? for menu, Esc to quit)
Okay, then.
Drink which item? (? for menu, Esc to quit)
You feel better. The komodo dragon bites you!!
You die...

#######..........#
.....#.....>.....#
####.#..........## #
#.....P.......# #
###.#.......#.# #
#.#....P..#.#
######.##.....##l#
....##.###...###l#
###.##.#'##.## #@#######
.##.##....#.# #.......#
#.#.##......# #######.#
..#.#.......## ##.###.#
.............####...##.#
.............'.......#.#
#.##.........####...##.#
#.###.......## ##.##..#
#.# ##......# ####.##


You could see 2 komodo dragons.

Vanquished Creatures
  An elephant (D:8)
  A troll (D:7)
  5 blink frogs (D:9)
  4 yaks (D:9)
  A hippogriff (D:9)
  A hungry ghost (D:5)
  2 water moccasins
  A porcupine (D:9)
  5 sky beasts
  3 ice beasts
  An orc warrior (D:8)
  5 ogres
  2 wasps (D:7)
  A black bear (D:6)
  4 centaurs
  A crocodile (D:9)
  7 giant frogs
  A big kobold (Sewer)
  A gnoll sergeant (D:5)
  2 scorpions
  8 killer bees
  A howler monkey (D:4)
  7 crimson imps
  A giant frog zombie (D:7)
  A quasit (D:8)
  A jelly (D:7)
  2 orc priests
  A gnoll shaman (D:5)
  A centaur skeleton (D:8)
  6 hounds
  3 iguanas
  7 orc wizards
  5 worker ants
  A killer bee zombie (D:8)
  2 sheep (D:9)
  A worker ant zombie (D:5)
  39 gnolls (D:5)
  10 adders
  2 river rats
  2 shadow imps
  An ooze (D:2)
  An adder skeleton (D:4)
  4 adder zombies
  7 worms
  6 giant geckos
  29 orcs
  A ball python (D:8)
  14 bats
  5 giant cockroaches
  11 goblins
  8 hobgoblins
  19 jackals
  8 quokkas
  A ball python zombie (D:1)
  A giant gecko skeleton (D:8)
  A giant gecko zombie (D:5)
  4 giant newts
  11 kobolds
  A quokka zombie (D:6)
  20 rats
303 creatures vanquished.

Vanquished Creatures (others)
  An orc (D:4)
1 creature vanquished.

Grand Total: 304 creatures vanquished

Notes
Turn   | Place    | Note
--------------------------------------------------------------
     0 | D:1      | Gorice the Demigod Venom Mage began the quest for the Orb.
     0 | D:1      | Reached XP level 1. HP: 14/14 MP: 5/5
   165 | D:1      | Reached skill level 2 in Spellcasting
   453 | D:1      | Reached XP level 2. HP: 20/20 MP: 4/7
   522 | D:1      | Reached skill level 1 in Conjurations
  1088 | D:1      | Reached XP level 3. HP: 23/26 MP: 9/9
  1342 | D:1      | Upgraded the game from 0.18.1-6-gd335043 to 0.18.1-8-gdd0e5ea
  1404 | D:2      | Reached skill level 2 in Conjurations
  1529 | D:2      | Found an ancient bone altar of Kikubaaqudgha.
  1570 | D:2      | Learned a level 2 spell: Cure Poison
  1574 | D:2      | Learned a level 3 spell: Mephitic Cloud
  2179 | D:3      | Found a blossoming altar of Fedhas.
  2280 | D:2      | Reached XP level 4. HP: 30/33 MP: 1/10
  2423 | D:3      | Reached skill level 3 in Conjurations
  2569 | D:3      | Found a glowing drain.
  2573 | Sewer    | Entered a sewer
  2585 | Sewer    | HP: 9/33 [rat (3)]
  2588 | Sewer    | HP: 3/33 [rat (3)]
  2893 | Sewer    | Noticed a big kobold
  2999 | Sewer    | Killed a big kobold
  2999 | Sewer    | Reached skill level 3 in Spellcasting
  2999 | Sewer    | Reached XP level 5. HP: 34/38 MP: 6/12
  3094 | Sewer    | Found a white marble altar of Elyvilon.
  3285 | D:3      | Reached skill level 4 in Conjurations
  3591 | D:3      | Found a burning altar of Makhleb.
  3591 | D:3      | Found a snail-covered altar of Cheibriados.
  3691 | D:4      | Noticed Duvessa
  3691 | D:4      | Noticed Dowan
  3692 | D:4      | Found a staircase to the Ecumenical Temple.
  3722 | Temple   | Entered the Ecumenical Temple
  3861 | D:4      | Reached XP level 6. HP: 27/45 MP: 7/14
  3875 | D:4      | Found a glowing golden altar of the Shining One.
  4200 | D:4      | Reached skill level 5 in Conjurations
  4313 | D:4      | Found a stormy altar of Qazlal.
  4407 | D:4      | Noticed Grinder
  5007 | D:5      | Entered Level 5 of the Dungeon
  5055 | D:5      | Got a bound bone ring
  5056 | D:5      | Identified the ring of Abstinence {MR+ EV+4} (You found it on level 5 of the Dungeon)
  5068 | D:5      | Reached skill level 4 in Spellcasting
  5068 | D:5      | Reached XP level 7. HP: 46/50 MP: 11/16
  5264 | D:5      | Reached skill level 6 in Conjurations
  5420 | D:5      | Reached skill level 4 in Poison Magic
  5829 | D:5      | HP: 11/50 [gnoll/club (6)]
  6257 | D:5      | Reached XP level 8. HP: 39/57 MP: 6/18
  6423 | D:5      | Reached skill level 7 in Conjurations
  6679 | D:5      | Reached skill level 5 in Spellcasting
  7052 | D:5      | Got a polished falchion {slice}
  7053 | D:5      | Identified the +3 falchion "Cecyso" {slice, rElec Str+3 Int+3} (You took it off an orc on level 5 of the Dungeon)
  7694 | D:5      | Reached skill level 5 in Poison Magic
  7885 | D:6      | Found Akicioh's Book Shoppe.
  8274 | D:6      | Reached skill level 8 in Conjurations
  8402 | D:6      | Reached skill level 1 in Fighting
  8402 | D:6      | Reached skill level 1 in Armour
  8782 | D:6      | Found an oddly glowing altar of Pakellas.
  8944 | D:6      | Reached skill level 2 in Armour
  8944 | D:6      | Reached XP level 9. HP: 56/67 MP: 16/21
  9028 | D:6      | Got a coiled tin ring
  9029 | D:6      | Identified the ring "Baputant" {Wiz Str+6} (You found it on level 6 of the Dungeon)
  9325 | D:5      | Reached skill level 2 in Fighting
  9325 | D:5      | Reached skill level 6 in Spellcasting
  9589 | D:6      | HP: 15/67 [ice beast (6)]
  9597 | D:6      | HP: 14/67 [ice beast (3)]
  9894 | D:7      | Found a bloodstained altar of Trog.
  9984 | D:7      | Reached skill level 3 in Armour
 10054 | D:7      | HP: 16/68 [wasp (5)]
 10125 | D:7      | Reached skill level 3 in Fighting
 10709 | D:7      | Reached skill level 4 in Armour
 10801 | D:7      | Reached skill level 4 in Fighting
 11071 | D:8      | Reached skill level 7 in Spellcasting
 11134 | D:8      | Found Byossas's Magic Scroll Shoppe.
 11149 | D:8      | Found a shattered altar of Ashenzari.
 11164 | D:8      | Found a sparkling altar of Nemelex Xobeh.
 11697 | D:9      | Found a staircase to the Lair.
 11697 | D:9      | Noticed an elephant
 11741 | D:8      | HP: 21/72 [elephant (7)]
 11745 | D:8      | Killed an elephant
 11745 | D:8      | Reached skill level 5 in Fighting
 11745 | D:8      | Reached skill level 5 in Armour
 11745 | D:8      | Reached XP level 10. HP: 21/81 MP: 16/24
 11746 | D:8      | Noticed ThereIsNoGod's ghost (novice OpAs)
 12637 | D:9      | Reached skill level 1 in Shields
 12850 | D:9      | Reached skill level 2 in Shields
 13233 | D:9      | Reached skill level 3 in Shields
 13302 | D:9      | Reached skill level 6 in Fighting
 13418 | Lair:1   | Entered Level 1 of the Lair of Beasts
 13657 | D:9      | Reached skill level 4 in Shields
 13978 | Lair:1   | Reached skill level 7 in Fighting
 14024 | Lair:1   | HP: 25/86 [komodo dragon (18)]
 14028 | D:9      | HP: 5/86 [komodo dragon (12)]
 14035 | D:9      | Mangled by a komodo dragon

Skill      XL: |  1  2  3  4  5  6  7  8  9 10 |
---------------+-------------------------------+-----
Spellcasting   | 2 3 4 5 7 |  7.0
Conjurations   | 1 2 3 4 5 6 8 |  8.0
Poison Magic   | 4 5 |  5.2
Fighting       | 1 5 7 |  7.0
Armour         | 2 5 |  5.3
Shields        | 4 |  4.8
Dodging        | |  1.7
Stealth        | |  1.7

Action                   |  1- 3 |  4- 6 |  7- 9 | 10-12 || total
-------------------------+-------+-------+-------+-------++-------
Melee: Mace              |     6 |     5 |    25 |       ||    36
       Dagger            |     7 |    80 |    87 |       ||   174
       Falchion          |       |       |   227 |   107 ||   334
       Spear             |       |       |    14 |       ||    14
Throw: Tomahawk          |     5 |     7 |       |       ||    12
       Stone             |       |     2 |       |       ||     2
 Cast: Sting             |   120 |   137 |   431 |   121 ||   809
       Mephitic Cloud    |       |       |     4 |       ||     4
       Cure Poison       |       |       |     1 |     2 ||     3
Evoke: Wand              |       |       |     4 |       ||     4
  Use: Scroll            |     4 |     4 |     7 |       ||    15
       Potion            |       |     1 |     1 |     1 ||     3
 Stab: Sleeping          |       |       |     2 |       ||     2
  Eat: Chunk             |     4 |     7 |    15 |     8 ||    34
       Meat ration       |       |     1 |     2 |       ||     3
Armor: Robe              |     6 |    23 |    31 |       ||    60
       Ring mail         |       |       |    91 |       ||    91
       Leather armour    |       |       |     7 |    25 ||    32
       Scale mail        |       |       |       |    23 ||    23
Dodge: Dodged            |    27 |    70 |   347 |   104 ||   548
Block: Other             |     6 |    18 |    50 |       ||    74
       Reflection        |     2 |       |       |     1 ||     3
       Buckler           |       |       |    31 |    66 ||    97

Table legend:
 A = Turns spent in this place as a percentage of turns spent in the entire game.
 B = Non-inter-level travel turns spent in this place as a percentage of non-inter-level travel turns spent in the entire game.
 C = Inter-level travel turns spent in this place as a percentage of turns spent in this place.
 D = Turns resting spent in this place as a percentage of non-inter-level travel turns spent in this place.
 E = Turns spent auto-exploring this place as a percentage of non-inter-level travel turns spent in this place.
 F = Non-inter-level travel turns spent in this place divided by the number of levels of this place that you've seen.
                   A       B       C       D       E      F
               +-------+-------+-------+-------+-------+----------------------
         Total | 100.0 | 100.0 |   0.4 |   2.6 |   4.1 | 453.2
       Dungeon |  93.7 |  93.7 |   0.4 |   2.6 |   4.1 | 566.3
        Temple |   0.2 |   0.2 |   8.3 |   0.0 |  81.8 |  11.0
          Lair |   1.9 |   1.9 |   0.0 |   0.0 |   3.8 | 105.0
         Sewer |   4.1 |   4.1 |   0.0 |   3.6 |   0.9 | 225.0
               +-------+-------+-------+-------+-------+----------------------

Vault maps used:
D:1:      saegor_arrival_fortress
D:2:      kiku_gazebo_pond_becter
D:3:      fedhas_altar_1, gammafunk_temple_overflow_elements,
          gup_sewer_entry_spiral, moated_statue
D:4:      nicolae_qazlal_eye_of_the_storm, minmay_temple_entry_water_ring,
          first_bread, tso_metal_star, uniq_duvessa, uniq_grinder
D:5:      lemuel_castle_with_subvaults
D:6:      nicolae_overflow_hidden_temple, serial_co_window_serial,
          co_window_paths_a, co_window_corner_a, co_window_paths_a,
          co_window_corner_a, co_window_paths_b, co_window_of_opportunity_a,
          co_window_corner_a, co_window_paths_a, co_window_paths_a,
          co_window_corner_cb, co_window_2corner, co_window_broadway_b,
          co_window_of_opportunity_c, co_window_corner_b, co_window_corner_cb,
          glass_columns_b, glass_columns_a, glass_columns_b, glass_columns_a,
          serial_shops, nicolae_shop_crystal
D:7:      kennysheep_mini, chequers_ossuary_entry_cave
D:8:      ashenzari_conservatory_becter, serial_shops,
          nicolae_shop_behind_doors, basic_altar, grunt_pizzeria
D:9:      david_lair_generic
Temple:   circular_temple_12
Lair:1:   basic_altar, serial_bayou_shore_b, lemuel_fruit_tree,
          infiniplex_staircase_pool, uniq_grum
Sewer:    sewer_kobolds
